AoeStats
← b站江条

Arabia

510300760Analyzed
1v1 RM · 15h ago on Sep 30, 2026· 36m 32s· 2 players
Game mode
Random Map
Map size
Tiny (2 player)
Population
200
Speed
Normal
Resources
Standard
Victory
Conquest
Starting age
Dark Age
Ending age
Imperial Age
RankedLock teamsTeams togetherTeam positionsShared explorationLock speedFull tech treeHidden civsTurbo modeCheats
Victory
Defeat
🇨🇳 Maya · China
1343
+14
🇬🇧 Inca · United Kingdom
1302
-14
Consultio
9:39 Feudal Age
9:46 Loom
10:39 Double-Bit Axe
15:54 Fletching
17:58 Horse Collar
18:13 Champi Runner
20:05 Padded Archer Armor
20:26 Scale Mail Armor
21:39 Forging
29:46 Castle Age
30:07 Crossbowman
36:53 Town Watch
b站江条
0:25 Loom
9:21 Feudal Age
15:04 Wheelbarrow
17:26 Fletching
17:33 Double-Bit Axe
23:47 Castle Age
22:25 Horse Collar
22:37 Gold Mining
23:11 Padded Archer Armor
24:12 Crossbowman
25:05 Bow Saw
24:52 Bodkin Arrow
28:37 Heavy Plow
30:29 Hand Cart
30:24 Town Watch
35:57 Imperial Age
33:58 Leather Archer Armor
33:50 Thumb Ring
34:40 Ballistics
37:56 Chemistry
36:58 Bracer
37:28 Ring Archer Armor
36:22 Arbalester
37:32 Conscription
Connection lost

Rejoining the realm…

Still unreachable

The connection could not be restored.

Session expired

The server has moved on; the page needs a fresh start.